 Dungeon Crawl Stone Soup version 0.20-a0-11-ga97c7b5 (webtiles) character file.

220 Maramoto the Digger (level 5, -2/28 HPs)
             Began as a Gargoyle Earth Elementalist on Nov 2, 2016.
             Slain by a centaur (7 damage)
             ... on level 4 of the Dungeon.
             The game lasted 00:10:22 (3377 turns).

Maramoto the Digger (Gargoyle Earth Elementalist)   Turns: 3377, Time: 00:10:23

Health: -2/28      AC:  8    Str: 12    XL:     5   Next: 97%
Magic:  2/11       EV: 12    Int: 16    God:
Gold:   168        SH:  0    Dex: 10    Spells: 2 memorised, 8 levels left

rFire  . . .     SeeInvis .     u - +2 dagger (venom)
rCold  . . .     Gourm    .     c - +0 robe
rNeg   + . .     Faith    .     (no shield)
rPois  ∞         Spirit   .     (no helmet)
rElec  +         Reflect  .     (no cloak)
rCorr  .         Harm     .     y - +1 pair of gloves
MR     .....                    (no boots)
Stlth  ++........               q - amulet of magic regeneration
                                (no ring)
                                h - +1 ring of slaying

@: very slightly contaminated
A: negative energy resistance 1, electricity resistance, unbreathing,
petrification resistance, rot immunity, AC +4
a: no special abilities


You were on level 4 of the Dungeon.
You were hungry.

You visited 1 branch of the dungeon, and saw 4 of its levels.

You collected 168 gold pieces.

Inventory:

Hand Weapons
 a - a +0 spear
 i - a +0 club
 t - a +0 short sword
 u - a +2 dagger of venom (weapon)
Missiles
 b - 90 stones (quivered)
Armour
 c - a +0 robe (worn)
 y - a +1 pair of gloves (worn)
Jewellery
 h - a +1 ring of slaying (left hand)
 q - an amulet of magic regeneration (around neck)
Scrolls
 j - a scroll of remove curse
 k - a scroll of blinking
Potions
 g - a potion of brilliance {unknown}
 v - a potion of might
 w - a potion of heal wounds {unknown}
Books
 e - a book of Geomancy

   Spells                             Type                      Level
   a - Sandblast                      Earth                        1
   b - Passwall                       Transmutation/Earth          2
   c - Stone Arrow                    Conjuration/Earth            3
   d - Petrify                        Transmutation/Earth          4
   e - Lee's Rapid Deconstruction     Earth                        5
Comestibles
 d - 3 bread rations
 f - 2 chunks of flesh
 m - a meat ration
 n - a beef jerky
 s - 7 fruits


   Skills:
 - Level 1.5 Dodging
 - Level 2.1 Stealth
 * Level 4.2 Spellcasting
 + Level 2.2 Conjurations
   Level 0.7 Transmutations
 + Level 5.0 Earth Magic


You had 8 spell levels left.
You knew the following spells:

 Your Spells              Type           Power        Failure   Level  Hunger
a - Sandblast             Erth           ###...       1%          1    None
b - Stone Arrow           Conj/Erth      ###...       12%         3    ###....


Dungeon Overview and Level Annotations

Branches:
Dungeon (4/15)
 Temple: D:4-7

Altars:
Ashenzari
Nemelex Xobeh
Okawaru
Qazlal
Ru
The Shining One


Innate Abilities, Weirdness & Mutations

You are resistant to torment.
Your stone body is resilient. (AC +4)
You are immune to poison.
You resist negative energy. (rN+)
You are resistant to electric shocks. (rElec)
You can survive without breathing.
You are immune to petrification.
You are immune to rotting.


Message History

Casting: Stone Arrow
Confirm with . or Enter, or press ? or * to list all spells.
You don't have enough magic to cast that spell.
Unknown command.
You hit the ogre.
The ogre is poisoned.
The ogre is almost dead.
The ogre hits you with a giant club!
Ouch! That really hurt!
* * * LOW HITPOINT WARNING * * *
You hit the ogre.
You kill the ogre!
Your Spellcasting skill increases to level 4!
Your Conjurations skill increases to level 2!
Your Earth Magic skill increases to level 5!
The centaur unwields an uncursed shortbow.
The centaur misses you.
You hit the centaur.
The centaur is moderately wounded.
The centaur hits you!
You die...

#§...§#.##.....
###.###....###.
######..#####..# #.
.........# #..# #.
########.# #..# #.
#.####..# #. #.......# #.
#################.# #.
####+#..lc@........#<..# #.
#......###########.#######.
#......# ................
#...l.c#.#########.########
#....(.....# #.#
#..=..##.#.# #.# #........#
#.# #......... #.#
#........## #.#


You could see a centaur and a frilled lizard.

Vanquished Creatures
  An ogre (D:4)
  5 adders
  An ooze (D:1)
  A dart slug (D:1)
  2 leopard geckos
  6 orcs
  9 bats
  2 giant cockroaches (D:1)
  11 goblins
  5 hobgoblins
  6 jackals
  2 quokkas
  2 ball pythons
  5 frilled lizards
  10 kobolds
  6 rats
74 creatures vanquished.

Notes
Turn   | Place    | Note
-------+----------+-------------------------------------------
     0 | D:1      | Maramoto the Gargoyle Earth Elementalist began the quest for the Orb.
     0 | D:1      | Reached XP level 1. HP: 10/10 MP: 3/3
   198 | D:1      | Reached XP level 2. HP: 14/15 MP: 5/5
   281 | D:1      | Reached skill level 4 in Earth Magic
   875 | D:1      | Reached XP level 3. HP: 14/19 MP: 6/6
   880 | D:1      | Learned a level 3 spell: Stone Arrow
  1300 | D:2      | Found a sacrificial altar of Ru.
  1578 | D:2      | Found a sparkling altar of Nemelex Xobeh.
  1667 | D:2      | Found a shattered altar of Ashenzari.
  1667 | D:2      | Found a glowing golden altar of the Shining One.
  1721 | D:2      | Reached XP level 4. HP: 21/24 MP: 8/8
  2055 | D:2      | Reached skill level 1 in Conjurations
  2372 | D:3      | Found an iron altar of Okawaru.
  2974 | D:3      | Reached XP level 5. HP: 24/28 MP: 10/10
  3311 | D:4      | Found a stormy altar of Qazlal.
  3362 | D:4      | Noticed an ogre
  3364 | D:4      | Noticed a centaur
  3376 | D:4      | Killed an ogre
  3376 | D:4      | Reached skill level 5 in Earth Magic
  3377 | D:4      | Slain by a centaur

Vault maps used:
D:1:      eino_arrival_cavern_c
D:2:      kennysheep_big_flooded_room, nicolae_ru_sacrificial_ziggurat,
          nemelex_xobeh_ov_fountains_minmay, gammafunk_temple_overflow_wave,
          corexii_leaking_fountain, minmay_pentomino_u2
D:3:      first_bread, okawaru_gym_becter
D:4:      nicolae_dithmenos_shadow_blocks, grunt_qazlal_clouds

Skill      XL: |  1  2  3  4  5 |
---------------+----------------+-----
Earth Magic    | 4 5 |  5.0
Spellcasting   | 3 4 |  4.2
Conjurations   | 1 2 |  2.2
Dodging        | |  1.5
Stealth        | |  2.1
Transmutations | |  0.7

Action                   |  1- 3 |  4- 6 || total
-------------------------+-------+-------++-------
Melee: Spear             |   170 |    11 ||   181
       Dagger            |       |   100 ||   100
 Cast: Stone Arrow       |       |     4 ||     4
       Sandblast         |       |     1 ||     1
  Use: Scroll            |     1 |    11 ||    12
       Potion            |       |     1 ||     1
 Stab: Sleeping          |     8 |       ||     8
       Distracted        |     1 |       ||     1
  Eat: Chunk             |     3 |     5 ||     8
Armor: Robe              |    43 |    43 ||    86
Dodge: Dodged            |    89 |    75 ||   164
